 Dungeon Crawl Stone Soup version 0.30.1 (webtiles) character file.

Game seed: 1094527791191332689

58 Babbit the Covered (level 3, 0/33 HPs)
             Began as a Minotaur Fighter on July 12, 2023.
             Succumbed to an adder's poison
             ... on level 2 of the Dungeon.
             The game lasted 00:05:01 (591 turns).

Babbit the Covered (Minotaur Fighter)                Turns: 591, Time: 00:05:02

Health: 0/33       AC:  8    Str: 22    XL:     3   Next: 75%
Magic:  2/2        EV:  9    Int:  5    God:
Gold:   40         SH:  4    Dex:  9    Spells: 2/2 levels left

rFire   . . .        a - +1 war axe
rCold   . . .        c - +0 buckler
rNeg    . . .        b - +0 scale mail
rPois   .            (helmet restricted)
rElec   .            (no cloak)
rCorr   .            (no gloves)
SInv    .            j - +0 pair of boots
Will    .....        (no amulet) Stlth
                     (no ring)
HPRegen 0.25/turn    (no ring)
MPRegen 0.08/turn

%: no passive effects
@: mighty, lethally poisoned (0 -> -3)
A: horns 2, retaliatory headbutt
a: no special abilities


You were on level 2 of the Dungeon.
You visited 1 branch of the dungeon, and saw 2 of its levels.

You collected 40 gold pieces.

Inventory:

Hand Weapons
 a - a +1 war axe (weapon)
Armour
 b - a +0 scale mail (worn)
 c - a +0 buckler (worn)
 j - a +0 pair of boots (worn)
Scrolls
 h - a scroll of identify {unknown}
 k - a scroll of enchant weapon
 l - a scroll of vulnerability {unknown}
Potions
 f - a potion of attraction {unknown}
 g - a potion of curing {unknown}
 i - a potion of ambrosia {unknown}


   Skills:
 + Level 4.1 Fighting
 * Level 3.6 Axes
 + Level 4.1 Armour
 + Level 4.1 Shields


You had 2 spell levels left.
You didn't know any spells.
Your spell library was empty.

Dungeon Overview and Level Annotations

Branches:
Dungeon (2/15)

Altars:


Innate Abilities, Weirdness & Mutations

You have a pair of horns on your head.
You reflexively headbutt those who attack you in melee.


Message History

The gnoll hits you from afar with a +0 spear.
The adder barely misses you.
You closely miss the adder. Your headbutt misses the adder.
The adder is heavily wounded.
The gnoll hits you from afar with a +0 spear.
The adder closely misses you.
The gnoll hits you from afar with a +0 spear.
The adder barely misses you. You furiously retaliate!
You headbutt the adder. You miss the adder.
The adder is heavily wounded.
You block the adder's attack.
The gnoll hits you from afar with a +0 spear.
You hit the adder.
The adder is severely wounded.
The adder bites you but does no damage.
The gnoll hits you from afar with a +0 spear.
The adder bites you but does no damage. The gnoll hits you but does no damage.
You closely miss the adder.
The adder is severely wounded.
The adder closely misses you.
The gnoll hits you from afar with a +0 spear.
The adder bites you.
* * * LOW HITPOINT WARNING * * *
You feel very mighty all of a sudden. The adder bites you.
* * * LOW HITPOINT WARNING * * *
You are poisoned.
The adder poisons you! The gnoll completely misses you.
You slash the adder!
You kill the adder!
* * * LOW HITPOINT WARNING * * *
You feel very sick. The gnoll completely misses you.
It was a potion of magic.
Magic courses through your body.
* * * LOW HITPOINT WARNING * * *
You feel sick.
The gnoll hits you from afar with a +0 spear.
* * * LOW HITPOINT WARNING * * *
A jackal comes into view.
You die...

#.#....#
#.#....#
#.#....#
#.#....#
#.#.####
#.#.#########
#.#.........#
#.#########.#
#@# #.# #g#
#.# ......gg#
#.# #..?....#
#.# #........
#.# #........
#.#
#.........
#.#
#......h..
#.#
#..........
#.#


You could see 3 gnolls and a jackal (wandering).

Vanquished Creatures
  2 adders (D:2)
  2 dart slugs (D:1)
  A ball python (D:1)
  2 bats (D:1)
  An endoplasm (D:2)
  5 giant cockroaches
  2 goblins (D:1)
  3 hobgoblins (D:1)
  2 jackals (D:1)
  3 kobolds
  3 quokkas (D:1)
  5 frilled lizards
  A rat (D:2)
32 creatures vanquished.

Notes
Turn   | Place    | Note
-------+----------+-------------------------------------------
     0 | D:1      | Babbit the Minotaur Fighter began the quest for the Orb.
     0 | D:1      | Reached XP level 1. HP: 19/19 MP: 0/0
    56 | D:1      | Reached XP level 2. HP: 27/27 MP: 1/1
   281 | D:1      | Reached XP level 3. HP: 33/33 MP: 2/2
   590 | D:2      | HP: 1/33 [gnoll/+0 spear (3)]
   591 | D:2      | Succumbed to an adder's poison

Illustrated notes

Levels and vault maps discovered:
D:1:      lemuel_arrival_lava_pool, layout_rooms, grunt_decor_cap,
          minmay_worlds_worst_comb
D:2:      layout_basic, basic_altar

Skill      XL: |  1  2  3 |
---------------+----------+-----
Axes           | 3 |  3.6
Fighting       | 4 |  4.1
Armour         | 4 |  4.1
Shields        | 4 |  4.1

Action                     || total
---------------------------++-------
  Melee: War axe           ||    74
         Headbutt          ||     6
    Use: Potion            ||     2
         Scroll            ||     1
 Armour: Scale mail        ||    47
  Dodge: Dodged            ||    41
  Block: Buckler           ||    13
